 Dungeon Crawl Stone Soup version 0.23.2-40-g277498a001 (webtiles) character file.

Game seed: 11315274185471361907

98 borovicka the Skirmisher (level 4, -7/41 HPs)
             Began as a Hill Orc Fighter on Sept 25, 2019.
             Killed from afar by Sigmund (9 damage)
             ... with a puff of flame
             ... on level 2 of the Dungeon.
             The game lasted 00:17:59 (2837 turns).

borovicka the Skirmisher (Hill Orc Fighter)         Turns: 2837, Time: 00:17:59

Health: -7/41      AC:  7    Str: 18 (19) XL:     4   Next: 71%
Magic:  4/4        EV:  7    Int:  5 (8)  God:
Gold:   89         SH:  8    Dex:  8 (10) Spells: 3/3 levels left

rFire    . . .     SeeInvis .   l - +6 flail (protect)
rCold    . . .     Gourm    .   c - +0 shield
rNeg     . . .     Faith    .   b - +0 scale mail
rPois    .         Spirit   .   (no helmet)
rElec    .         Reflect  .   (no cloak)
rCorr    .         Harm     .   (no gloves)
MR       .....                  (no boots)
Stlth    ..........             (no amulet)
HPRegen  0.13/turn              (no ring)
MPRegen  0.09/turn              (no ring)

@: no status effects
A: no striking features
a: no special abilities


You were on level 2 of the Dungeon.
You were not hungry.

You visited 1 branch of the dungeon, and saw 2 of its levels.

You collected 89 gold pieces.

Inventory:

Hand Weapons
 a - a +0 war axe
 l - a +6 flail of protection (weapon)
Armour
 b - a +0 scale mail (worn)
 c - a +0 shield (worn)
Scrolls
 e - 4 scrolls of identify {unknown}
 g - a scroll of fear {unknown}
 h - a scroll of enchant weapon {unknown}
 i - a scroll of random uselessness {unknown}
 j - a scroll of teleportation {unknown}
 o - a scroll of magic mapping {unknown}
Potions
 k - a potion of mutation {unknown}
 m - a potion of cancellation {unknown}
 n - a potion of heal wounds {unknown}
Comestibles
 f - 6 rations


   Skills:
 * Level 4.7 Fighting
 - Level 3.6(3.8) Axes
 * Level 1.2(2.2) Maces & Flails
 + Level 4.2 Armour
 + Level 0.2 Dodging
 - Level 3.3 Shields


You had 3 spell levels left.
You didn't know any spells.
Your spell library was empty.

Dungeon Overview and Level Annotations

Branches:
Dungeon (2/15)

Altars:
Gozag

Annotations:
D:2 Sigmund


Message History

Something tries to affect you, but you resist.
Something hits you but does no damage.
You bump into the rock wall.
Something hits you but does no damage.
You miss something. Something hits you.
You bump into the rock wall.
Something hits you!
You miss something.
You feel less confused. Something hits you!
* * * LOW HITPOINT WARNING * * *
It was a potion of degeneration.
There was something very wrong with that liquid.
You feel weakened.
You feel dopey.
You feel clumsy. Something hits you!
* * * LOW HITPOINT WARNING * * *
You miss something.
You hear some strange, mumbled words.
A puff of flame appears from out of thin air!
The puff of flame hits you!
You die...

...............###.....####...#..
...##...........##...........##..
...##............#...........##..
.....#.#.........#...........####
........#.##......#.##...########
....<.....##......#.............#
..................####..........#
####..............#....##........
#............#..@#...............
#............###{##....#.#####...
#....###.........##.#..#.###...##
#....#######.....'.@#....#.....##
.....#...........###.....#)......
.....#.......#######.....)....#..
.....#.......##..[.......#....#..
..[..#.......##.......######...##
.....##########........... .....#


There were no monsters in sight!

Vanquished Creatures
  Terence (D:2)
  3 gnolls (D:2)
  An adder (D:2)
  An ooze (D:2)
  2 worms (D:2)
  A dart slug (D:2)
  2 giant cockroaches (D:1)
  2 goblins (D:1)
  4 hobgoblins
  A jackal (D:1)
  2 kobolds
  2 bats (D:1)
  4 rats
26 creatures vanquished.

Notes
Turn   | Place    | Note
-------+----------+-------------------------------------------
     0 | D:1      | borovicka the Hill Orc Fighter began the quest for the Orb.
     0 | D:1      | Reached XP level 1. HP: 19/19 MP: 1/1
   325 | D:1      | Reached XP level 2. HP: 26/27 MP: 2/2
  1827 | D:2      | Reached XP level 3. HP: 33/33 MP: 3/3
  1885 | D:2      | Noticed Terence
  1900 | D:2      | Killed Terence
  2181 | D:2      | Reached XP level 4. HP: 33/41 MP: 4/4
  2295 | D:2      | Reached skill level 1 in Maces & Flails
  2659 | D:2      | Found an opulent altar of Gozag.
  2762 | D:2      | Noticed Sigmund
  2836 | D:2      | HP: 2/41 [something (8)]
  2837 | D:2      | Killed from afar by Sigmund

Skill      XL: |  1  2  3  4 |
---------------+-------------+-----
Fighting       | 4 |  4.7
Axes           | 3 |  3.6
Armour         | 4 |  4.2
Maces & Flails | 1 |  1.2
Dodging        | |  0.2
Shields        | |  3.3

Action                   |  1- 3 |  4- 6 || total
-------------------------+-------+-------++-------
Melee: War axe           |    52 |       ||    52
       Flail             |     3 |    26 ||    29
  Use: Potion            |     1 |     1 ||     2
  Eat: Ration            |     1 |     1 ||     2
Armor: Scale mail        |    28 |    22 ||    50
Dodge: Dodged            |    14 |     6 ||    20
Block: Shield            |    33 |    11 ||    44
